 Dungeon Crawl Stone Soup version 0.23.2-40-g277498a001 (webtiles) character file.

Game seed: 8878574983073725017

25549 Gildeon the Spear-Bearer (level 13, -4/89 HPs)
             Began as an Octopode Fighter on Oct 11, 2019.
             Was an Elder of Ashenzari.
             Slain by an eight-headed hydra (13 damage)
             ... on level 1 of the Lair of Beasts.
             The game lasted 01:11:56 (14640 turns).

Gildeon the Spear-Bearer (Octopode Fighter)        Turns: 14640, Time: 01:11:58

Health: -4/89      AC:  3    Str: 16    XL:     13   Next: 20%
Magic:  20/20      EV: 19    Int: 18    God:    Ashenzari [****..]
Gold:   986        SH: 15    Dex: 15    Spells: 18/22 levels left

rFire    + . .     SeeInvis +   B - +10 trident "Tiput" {venom, Int+4} (curse)
rCold    . . .     Gourm    .   b - +0 shield (curse)
rNeg     . . .     Faith    .   K - +2 hat {Int+3}
rPois    .         Spirit   .   s - +3 amulet of reflection
rElec    .         Reflect  +   o - ring of flight
rCorr    +         Harm     .   l - ring "Ecwudify" {rF+ Stlth+}
MR       .....     Clarity  +   C - ring of resist corrosion
Stlth    ++++++....             (no ring)
HPRegen  0.24/turn              (no ring)
MPRegen  0.17/turn              (no ring)
                                (no ring)
                                (no ring)

@: no status effects
A: almost no armour, stealthy swim, amphibious, 8 rings, constrict 8, camouflage
1, gelatinous body 1
a: Curse Item, Scrying, Renounce Religion, Evoke Flight


You were on level 1 of the Lair of Beasts.
You worshipped Ashenzari.
Ashenzari was greatly pleased with you.
You were hungry.

You visited 3 branches of the dungeon, and saw 15 of its levels.
You also visited: Gauntlet.

You collected 986 gold pieces.

Inventory:

Hand Weapons
 a - a +6 trident
 B - the cursed +10 trident "Tiput" (weapon) {venom, Int+4}
   (You found it on level 5 of the Dungeon)

   It poisons the flesh of those it strikes.
   It affects your intelligence (+4).
   It has a curse placed upon it.
Missiles
 h - a throwing net (quivered)
Armour
 b - a cursed +0 shield (worn)
 K - a +2 hat of intelligence (worn)
Jewellery
 l - the ring "Ecwudify" (right tentacle) {rF+ Stlth+}
   (You found it in a Gauntlet)

   [ring of protection from fire]

   It protects you from fire.
   It makes you more stealthy.
 o - a ring of flight (left tentacle)
 s - a +3 amulet of reflection (around mantle)
 C - a ring of resist corrosion (on tentacle)
Wands
 c - a wand of polymorph (5)
 e - a wand of disintegration (19)
 x - a wand of flame (41)
 D - a wand of random effects (27)
 H - a wand of digging (2)
Scrolls
 f - a scroll of torment {unknown}
 g - 3 scrolls of fog
 m - a scroll of enchant armour {unknown}
 r - a scroll of blinking {unknown}
 v - 4 scrolls of teleportation
 y - 2 scrolls of magic mapping
 A - a scroll of brand weapon {unknown}
 E - 2 scrolls of amnesia
 F - a scroll of acquirement {unknown}
 G - a scroll of noise {unknown}
 J - a scroll of vulnerability {unknown}
Potions
 i - 5 potions of heal wounds
 j - 8 potions of lignification
 k - 4 potions of curing
 n - 2 potions of cancellation
 p - 2 potions of ambrosia
 q - a potion of resistance
 t - a potion of magic
 u - 5 potions of brilliance
 w - a potion of berserk rage
 z - a potion of flight
 I - 2 potions of invisibility {unknown}
 L - a potion of haste
Comestibles
 d - 20 rations


   Skills:
 + Level 8.6 Fighting
 - Level 11.4(14.5) Polearms
 - Level 10.0 Dodging
 - Level 10.0 Stealth
 + Level 8.2(10.4) Shields
 - Level 5.0 Spellcasting
 - Level 5.0 Summonings
 + Level 7.3 Evocations


You had 18 spell levels left.
You knew the following spells:

 Your Spells              Type           Power        Failure   Level  Hunger
a - Summon Butterflies    Summ           ###.....     3%          1    None
b - Call Canine Familiar  Summ           ###.....     9%          3    ##.....

Your spell library contained the following spells:

 Spells                   Type           Power        Failure   Level  Hunger
 Summon Small Mammal      Summ           ###.         3%          1    None
 Call Imp                 Summ           ###.....     4%          2    #......
 Animate Skeleton         Necr           N/A          24%         1    None
 Apportation              Tloc           #.....       24%         1    None
 Confusing Touch          Hex            #.....       24%         1    None
 Freeze                   Ice            #...         24%         1    None
 Summon Guardian Golem    Hex/Summ       ##......     26%         3    ##.....
 Poisonous Vapours        Pois/Air       #.....       34%         2    #......
 Throw Frost              Conj/Ice       #.....       34%         2    #......
 Confuse                  Hex            #.......     56%         3    ##.....
 Conjure Flame            Conj/Fire      #.......     56%         3    ##.....
 Gell's Gravitas          Tloc           #.........   56%         3    ##.....
 Mephitic Cloud           Conj/Pois/Air  #.......     56%         3    ##.....
 Ozocubu's Armour         Chrm/Ice       #.......     56%         3    ##.....
 Teleport Other           Tloc           #.......     56%         3    ##.....
 Summon Ice Beast         Ice/Summ       ##......     63%         4    ####...
 Summon Lightning Spire   Summ/Air       ##......     63%         4    ####...
 Petrify                  Tmut/Erth      #.......     93%         4    ####...
 Throw Icicle             Conj/Ice       #.......     93%         4    ####...
 Summon Forest            Summ/Tloc      ##........   93%         5    ######.
 Summon Mana Viper        Hex/Summ       ##......     93%         5    ######.
 Metabolic Englaciation   Hex/Ice        #.........   100%        5    ######.
 Yara's Violent Unravell  Hex/Tmut       #.........   100%        5    ######.
 Freezing Cloud           Conj/Ice/Air   #.........   100%        6    #######
 Ring of Flames           Chrm/Fire      #.........   100%        7    #######
 Summon Hydra             Summ           ###.......   100%        7    #######
 Controlled Blink         Tloc           N/A          100%        8    #######


Dungeon Overview and Level Annotations

Branches:
Dungeon (13/15)            Temple (1/1) D:6            Lair (1/6) D:9
    Orc (0/2) D:10
 Vaults: D:13-14

Altars:
Ashenzari
Cheibriados
Dithmenos
Elyvilon
Fedhas
Gozag
Hepliaklqana
Kikubaaqudgha
Makhleb
Nemelex Xobeh
Okawaru
Qazlal
Ru
Sif Muna
Trog
Uskayaw
Vehumet
Wu Jian
Xom
Yredelemnul
Zin
The Shining One

Shops:
D:10 }

Annotations:
D:10 exclusions: door, 4 sensed monsters (detected) and 3 yaks
D:12 exclusions: 3 centaurs and 3 wights
D:13 exclusion: 5 sensed monsters (detected)


Innate Abilities, Weirdness & Mutations

You cannot wear most types of armour.
You are very stealthy in the water. (Stealth+)
You are amphibious.
You can wear up to eight rings at the same time.
You can use your tentacles to constrict eight enemies at once.
Your skin changes colour to match your surroundings (Stealth+).
Your rubbery body absorbs attacks. (AC +1, EV +1)


Message History

The eight-headed hydra completely misses you.
The eight-headed hydra bites you.
* * * LOW HITPOINT WARNING * * *
The eight-headed hydra closely misses you.
You puncture the eight-headed hydra! You squeeze the eight-headed hydra.
The eight-headed hydra is severely wounded.
You puncture the eight-headed hydra!
The eight-headed hydra is almost dead.
You block the eight-headed hydra's attack.
The eight-headed hydra bites you!
* * * LOW HITPOINT WARNING * * *
You block the eight-headed hydra's attack.
The eight-headed hydra bites you.
* * * LOW HITPOINT WARNING * * *
The eight-headed hydra bites you.
* * * LOW HITPOINT WARNING * * *
The eight-headed hydra completely misses you.
You block the eight-headed hydra's attack.
The eight-headed hydra bites you!
You die...

*,,* ####.###.# #..**
*,** #.##..# #.##,
,,* #.##P.# #.#**
*,** *#..##.# #..**
*,,* *..##..# #..>,
,,** *#.###.# *****
,** ##.# #.# **
#D.###.# *#@.#P.#
#..##.# ##.###.##
###..###..#
#....$....# *
#.##.###### * #.*#.#
* **** #,,#.#*** ***
*** ,,,*
*,,#..*,*******,***,,


You could see an eight-headed hydra.

Vanquished Creatures
  A minotaur (Gauntlet)
  3 centaur warriors (D:13)
  2 two-headed ogres
  A deep troll (Lair:1)
  The ghost of VinVin the Ruffian, a novice TrMo of Kikubaaqudgha (D:5)
  Pikel (D:7)
  The ghost of makkenr95 the Skirmisher, a novice HOFi of Qazlal (D:7)
  2 wizards (Gauntlet)
  4 orc sorcerers (D:10)
  A deep elf mage (D:12)
  A cyclops (D:11)
  2 gargoyles
  A spiny frog (Lair:1)
  A yaktaur (D:11)
  A troll (D:11)
  5 hornets
  A hippogriff (D:9)
  A basilisk (D:13)
  18 yaks
  A wraith (D:11)
  A wyvern (D:13)
  Grum (D:9)
  2 fire bats (Gauntlet)
  A hungry ghost (D:11)
  Menkaure (D:5)
  A soldier ant (D:12)
  A hell hound (Gauntlet)
  A water moccasin (D:6)
  Duvessa (D:5)
  8 orc warriors
  3 sky beasts
  3 slaves (D:7)
  2 eyes of draining (D:13)
  2 necrophages
  6 ice beasts
  7 ogres
  2 phantoms
  3 wolves (D:9)
  8 centaurs
  A crocodile (Lair:1)
  6 bullfrogs
  4 big kobolds
  Dowan (D:5)
  A water moccasin zombie (D:7)
  3 scorpions
  12 killer bees
  10 wights
  A howler monkey (D:5)
  2 centaur zombies
  7 crimson imps
  A quasit (D:10)
  A bullfrog zombie (D:9)
  9 hounds
  9 orc priests
  7 jellies
  3 bullfrog skeletons
  21 orc wizards
  5 centaur skeletons
  Jessica (D:3)
  An iguana (D:5)
  Ijyb (D:3)
  8 worker ants
  A killer bee zombie (D:5)
  A hound zombie (D:7)
  A hound skeleton (D:5)
  A worker ant zombie (D:5)
  9 adders
  8 gnolls
  8 shadow imps
  3 white imps (Gauntlet)
  An adder zombie (D:7)
  2 adder skeletons
  4 worms
  2 dart slugs
  3 leopard geckos
  70 orcs
  5 giant cockroaches
  9 goblins
  15 hobgoblins
  10 jackals
  21 kobolds
  3 quokkas
  A ball python (D:1)
  9 bats
  3 frilled lizards
  A jackal skeleton (D:5)
  A leopard gecko skeleton (D:4)
  A quokka zombie (D:5)
  10 rats
  A plant (D:3)
422 creatures vanquished.

Vanquished Creatures (others)
  A hell hog (Gauntlet)
  2 centaurs (D:13)
  A worker ant (D:7)
  A fungus (D:5)
  3 plants (D:5)
8 creatures vanquished.

Grand Total: 430 creatures vanquished

Notes
Turn   | Place    | Note
-------+----------+-------------------------------------------
     0 | D:1      | Gildeon the Octopode Fighter began the quest for the Orb.
     0 | D:1      | Reached XP level 1. HP: 16/16 MP: 1/1
    19 | D:1      | Reached skill level 1 in Stealth
    19 | D:1      | Reached XP level 2. HP: 19/21 MP: 2/2
   373 | D:1      | Reached XP level 3. HP: 26/26 MP: 3/3
  1224 | D:2      | Reached XP level 4. HP: 31/31 MP: 4/4
  1395 | D:2      | Reached skill level 3 in Polearms
  1559 | D:2      | Reached XP level 5. HP: 36/36 MP: 5/5
  2527 | D:3      | Found a faded altar of an unknown god.
  2813 | D:3      | Reached XP level 6. HP: 41/42 MP: 6/6
  2885 | D:3      | Noticed Jessica
  2893 | D:3      | Killed Jessica
  3013 | D:3      | Noticed Ijyb
  3025 | D:3      | Killed Ijyb
  3318 | D:4      | Reached skill level 4 in Polearms
  3458 | D:4      | Reached skill level 5 in Stealth
  3489 | D:4      | Found a shattered altar of Ashenzari.
  3497 | D:4      | Reached XP level 7. HP: 25/46 MP: 7/7
  3498 | D:4      | Reached skill level 5 in Dodging
  3635 | D:4      | Became a worshipper of Ashenzari the Shackled
  3663 | D:4      | Reached skill level 1 in Evocations
  4196 | D:5      | Entered Level 5 of the Dungeon
  4231 | D:5      | Noticed Duvessa
  4231 | D:5      | Noticed Dowan
  4231 | D:5      | Noticed Menkaure
  4309 | D:5      | Found a runed translucent gate.
  4318 | D:5      | Reached skill level 5 in Polearms
  4372 | D:5      | Killed Menkaure
  4372 | D:5      | Reached XP level 8. HP: 26/54 MP: 10/10
  4535 | D:5      | Found a runed translucent gate.
  4543 | D:5      | Found a runed translucent gate.
  4545 | D:5      | Noticed VinVin's ghost (novice TrMo)
  4571 | D:5      | Killed Duvessa
  4576 | D:5      | Killed Dowan
  4985 | D:5      | Reached skill level 6 in Polearms
  5093 | D:5      | Reached skill level 5 in Fighting
  5280 | D:5      | Identified the +10 trident "Tiput" {venom, Int+4}
  5650 | D:5      | Reached skill level 5 in Evocations
  6043 | D:6      | Reached * piety under Ashenzari
  6162 | D:6      | Reached XP level 9. HP: 50/61 MP: 12/12
  6261 | D:6      | Reached skill level 7 in Polearms
  6610 | D:6      | Found a staircase to the Ecumenical Temple.
  6616 | Temple   | Entered the Ecumenical Temple
  7013 | D:7      | Reached skill level 5 in Shields
  7033 | D:7      | Found an opulent altar of Gozag.
  7450 | D:7      | Found a runed translucent door.
  7451 | D:7      | Noticed makkenr95's ghost (novice HOFi)
  7527 | D:7      | Noticed Pikel
  7669 | D:7      | Killed Pikel
  7669 | D:7      | Reached skill level 8 in Polearms
  7669 | D:7      | Reached XP level 10. HP: 65/66 MP: 13/13
  8145 | D:8      | Reached ** piety under Ashenzari
  8297 | D:8      | Learned a level 3 spell: Call Canine Familiar
  8525 | D:8      | Reached skill level 10 in Stealth
  8752 | D:8      | Noticed a two-headed ogre
  8758 | D:8      | Killed a two-headed ogre
  8758 | D:8      | Reached skill level 9 in Polearms
  8857 | D:9      | Found a staircase to the Lair.
  8874 | D:9      | Found a shimmering altar of Xom.
  8933 | D:9      | Reached skill level 1 in Summonings
  9586 | D:9      | Reached XP level 11. HP: 47/71 MP: 14/14
  9605 | D:9      | Reached skill level 10 in Polearms
  9889 | D:9      | Noticed Grum
  9899 | D:9      | Killed Grum
 10015 | D:10     | Entered Level 10 of the Dungeon
 10102 | D:10     | Noticed an orc sorcerer
 10115 | D:10     | Noticed an orc sorcerer
 10126 | D:10     | Killed an orc sorcerer
 10130 | D:10     | Killed an orc sorcerer
 10132 | D:10     | Noticed an orc sorcerer
 10141 | D:10     | Noticed an orc sorcerer
 10144 | D:10     | Killed an orc sorcerer
 10151 | D:10     | Killed an orc sorcerer
 10151 | D:10     | Reached skill level 5 in Summonings
 10271 | D:10     | Found Ufeul's Gadget Boutique.
 10309 | D:10     | Reached skill level 1 in Spellcasting
 10397 | D:10     | Identified Zemycuqa's Almanac of Translocation
 11095 | D:11     | Reached *** piety under Ashenzari
 11202 | D:11     | Noticed a cyclops
 11205 | D:11     | Killed a cyclops
 11337 | D:11     | Identified the +9 falchion "Lidep" {freeze, rPois}
 11524 | D:11     | Reached skill level 11 in Polearms
 11922 | D:12     | Reached skill level 10 in Dodging
 11981 | D:12     | Reached XP level 12. HP: 71/77 MP: 17/17
 12118 | D:12     | Learned a level 1 spell: Summon Butterflies
 12481 | D:13     | Reached **** piety under Ashenzari
 12578 | D:13     | Noticed a two-headed ogre
 12591 | D:13     | Killed a two-headed ogre
 12781 | D:13     | Noticed a centaur warrior
 12789 | D:13     | Killed a centaur warrior
 12789 | D:13     | Reached skill level 5 in Spellcasting
 12792 | D:13     | Noticed a centaur warrior
 12812 | D:13     | Killed a centaur warrior
 13136 | D:13     | Found a shattered altar of Ashenzari.
 13304 | D:13     | Noticed a centaur warrior
 13318 | D:13     | Killed a centaur warrior
 13657 | D:5      | Killed VinVin's ghost
 13891 | D:7      | Killed makkenr95's ghost
 13960 | Lair:1   | Entered Level 1 of the Lair of Beasts
 13976 | Lair:1   | Noticed Erica
 13978 | Lair:1   | Noticed Erica
 13978 | Lair:1   | Erica changed into Erica the deep troll
 13987 | Lair:1   | Killed Erica the deep troll
 13987 | Lair:1   | Reached XP level 13. HP: 65/88 MP: 20/20
 14013 | Lair:1   | Found a gate leading to a gauntlet.
 14022 | Gauntlet | Entered a Gauntlet
 14022 | Gauntlet | Found a transporter.
 14025 | Gauntlet | Found a transporter.
 14037 | Gauntlet | Found a transporter.
 14041 | Gauntlet | Found a transporter.
 14052 | Gauntlet | Identified the ring "Ecwudify" {rF+ Stlth+}
 14053 | Gauntlet | Found a transporter.
 14068 | Gauntlet | Noticed an entropy weaver
 14071 | Gauntlet | Found a transporter.
 14074 | Gauntlet | Found a transporter.
 14078 | Gauntlet | Found a transporter.
 14106 | Gauntlet | Found a transporter.
 14108 | Gauntlet | Found a transporter.
 14109 | Gauntlet | Identified the ring "Jomuj" {rF+ Str+4 Int-4 Dex+4 Stlth+}
 14112 | Gauntlet | Found a transporter.
 14122 | Gauntlet | Found a transporter.
 14123 | Gauntlet | Identified the amulet of Sif Muna's Hatred {Gourm Str+7}
 14472 | Gauntlet | Identified the +5 quarterstaff of Midwinter {drain, rN+}
 14472 | Gauntlet | Noticed a minotaur
 14483 | Gauntlet | Killed a minotaur
 14640 | Lair:1   | Slain by an eight-headed hydra

Skill      XL: |  1  2  3  4  5  6  7  8  9 10 11 12 13 |
---------------+----------------------------------------+-----
Stealth        | 1 2 3 4 5 9 10 | 10.0
Polearms       | 3 4 5 6 8 9 11 | 11.4
Dodging        | 4 5 6 8 10 | 10.0
Evocations     | 3 5 6 7 |  7.3
Fighting       | 4 5 8 |  8.6
Shields        | 4 5 7 8 |  8.2
Summonings     | 3 5 |  5.0
Spellcasting   | 3 5 |  5.0

Action                   |  1- 3 |  4- 6 |  7- 9 | 10-12 | 13-15 || total
-------------------------+-------+-------+-------+-------+-------++-------
Melee: Trident           |    81 |   137 |   263 |   559 |    46 ||  1086
       Tentacles         |     5 |    24 |    56 |   130 |    13 ||   228
       Constrict         |    17 |    24 |    65 |    75 |     8 ||   189
Invok: Curse Item        |       |       |     2 |     1 |       ||     3
Evoke: Wand              |       |       |     2 |     1 |     2 ||     5
  Use: Scroll            |       |    10 |     2 |    11 |     4 ||    27
       Potion            |       |     2 |       |     4 |     2 ||     8
 Stab: Sleeping          |    11 |    14 |    16 |    30 |     2 ||    73
       Distracted        |     1 |       |     1 |     1 |       ||     3
  Eat: Chunk             |     1 |     7 |    14 |    15 |       ||    37
       Ration            |       |       |       |     2 |       ||     2
Armor: Skin              |     2 |     2 |     3 |     2 |     1 ||    10
Dodge: Dodged            |    36 |    39 |    82 |   168 |    18 ||   343
Block: Shield            |    29 |    42 |   118 |   249 |    26 ||   464
       Reflection        |       |       |     4 |    19 |       ||    23
